AoeStats
← crtolino93

Arena

504960805Analyzed
1v1 RM · 25d ago on Sep 7, 2026· 43m 23s· 2 players
Game mode
Random Map
Map size
Tiny (2 player)
Population
200
Speed
Normal
Resources
Standard
Victory
Conquest
Starting age
Dark Age
Ending age
Imperial Age
RankedLock teamsTeams togetherTeam positionsShared explorationLock speedFull tech treeHidden civsTurbo modeCheats
Victory
Defeat
🇰🇷 Bohemians · South Korea
1206
+16
🇸🇮 Mongols · Slovenia
1198
-16
crtolino93
1:55 Loom
10:21 Feudal Age
10:47 Double-Bit Axe
15:45 Castle Age
14:25 Horse Collar
17:08 Heavy Plow
17:22 Bow Saw
18:55 Bloodlines
20:20 Wheelbarrow
21:23 Stone Mining
23:36 Masonry
24:33 Gold Mining
26:42 Fortified Wall
28:22 Hand Cart
27:57 Town Watch
28:50 Gold Shaft Mining
28:44 Fletching
29:21 Bodkin Arrow
33:25 Imperial Age
31:33 Padded Archer Armor
32:47 Ballistics
39:34 Light Cavalry
42:04 Husbandry
41:25 Hussar
42:42 Scale Barding Armor
deux1002
10:21 Feudal Age
15:02 Castle Age
17:53 Fervor
18:06 Loom
26:54 Double-Bit Axe
31:17 Imperial Age
29:51 Wheelbarrow
29:09 Fletching
30:13 Bodkin Arrow
30:33 Horse Collar
32:20 Chemistry
32:06 Bracer
32:26 Bow Saw
33:05 Conscription
35:04 Padded Archer Armor
35:27 Ballistics
35:26 Hand Cart
36:16 Two-Man Saw
34:39 Crossbowman
35:29 Town Watch
36:01 Leather Archer Armor
37:13 Arbalester
41:28 Siege Engineers
43:21 Ring Archer Armor
Connection lost

Rejoining the realm…

Still unreachable

The connection could not be restored.

Session expired

The server has moved on; the page needs a fresh start.